 Dungeon Crawl Stone Soup version 0.31-a0-1363-g282adc679d (webtiles) character file.

Game seed: 12545545635092760025

2790 Bnni the Geomancer (level 10, -2/77 HPs)
             Began as a Formicid Earth Elementalist on Dec 23, 2023.
             Slain by a vault guard
             ... wielding a +0 broad axe
              (6 damage)
             ... in a bailey.
             The game lasted 00:12:47 (5268 turns).

Bnni the Geomancer (Formicid Earth Elementalist)    Turns: 5268, Time: 00:12:47

Health: -2/77      AC: 13    Str: 19    XL:     10   Next: 2%
Magic:  15/17      EV:  8    Int: 19    God:
Gold:   304        SH:  0    Dex: 17    Spells: 13/19 levels left

rFire   . . .        f - staff of earth
rCold   + . .        (no shield)
rNeg    . . .        x - +0 chain mail
rPois   .            (helmet unavailable)
rElec   .            q - +1 cloak
rCorr   .            (no gloves)
SInv    +            A - +1 pair of boots "Qewer" {Dex+3}
Will    +....        w - amulet of faith Stlth
                     v - +6 ring of strength
HPRegen 0.32/turn    a - ring of protection from cold
MPRegen 0.15/turn

%: faith
@: no status effects
A: permanent stasis, dig shafts and tunnels, antennae 3, four strong arms
a: Dig


You were in a bailey.
You visited 1 branch of the dungeon, and saw 7 of its levels.
You also visited: Bailey.

You collected 400 gold pieces.
You spent 96 gold pieces at shops.

Inventory:

Armour
 q - a +1 cloak (worn)
 u - a +0 scale mail
 x - a +0 chain mail (worn)
 A - the +1 pair of boots "Qewer" (worn) {Dex+3}
   (You found it on level 6 of the Dungeon)

   Dex+3:     It affects your dexterity (+3).
Magical Staves
 f - a staff of earth (weapon)
Jewellery
 a - a ring of protection from cold (right hand)
 o - a ring of ice
 s - a ring of ice
 v - a +6 ring of strength (left hand)
 w - an amulet of faith (around neck)
Wands
 y - a wand of paralysis (17)
Scrolls
 d - 2 scrolls of vulnerability {unknown}
 e - a scroll of brand weapon {unknown}
 g - 3 scrolls of teleportation {unknown}
 h - 4 scrolls of identify {unknown}
 k - a scroll of fog {unknown}
 l - a scroll of amnesia {unknown}
 m - a scroll of butterflies {unknown}
 r - 2 scrolls of immolation {unknown}
 t - 2 scrolls of poison {unknown}
 B - a scroll of enchant weapon {unknown}
 C - a scroll of enchant armour {unknown}
 D - a scroll of fear {unknown}
 E - a scroll of blinking {unknown}
Potions
 b - a potion of magic
 c - 4 potions of curing {unknown}
 i - a potion of degeneration {unknown}
 j - a potion of invisibility {unknown}
 n - a potion of mutation {unknown}
 p - 2 potions of heal wounds {unknown}
 z - a potion of resistance {unknown}


   Skills:
 + Level 6.3 Fighting
 + Level 3.1 Armour
 - Level 1.7 Dodging
 - Level 2.4 Stealth
 - Level 5.0 Spellcasting
 - Level 5.0 Conjurations
 * Level 10.7 Earth Magic
 - Level 2.0 Alchemy


You had 13 spell levels left.
You knew the following spells:

 Your Spells              Type           Power      Damage    Failure   Level
a - Sandblast             Erth           100%       2d20      1%          1
b - Passwall              Alch/Erth      35%        N/A       12%         2
c - Stone Arrow           Conj/Erth      100%       3d13      12%         3

Your spell library contained the following spells:

 Spells                   Type           Power      Damage    Failure   Level
 Brom's Barrelling Bould  Conj/Erth      51%        2d7       38%         4
 Momentum Strike          Conj/Tloc      28%        3d8       50%         2
 Petrify                  Alch/Erth      43%        N/A       58%         4
 Dazzling Flash           Conj/Hex       28%        N/A       73%         3
 Cigotuvi's Dreadful Rot  Necr/Alch/Air  14%        N/A       77%         2
 Mephitic Cloud           Conj/Alch/Air  13%        N/A       77%         3
 Lesser Beckoning         Tloc           8%         N/A       83%         2
 Ignite Poison            Fire/Alch      8%         N/A       100%        4
 Agony                    Necr           4%         N/A       100%        5
 Freezing Cloud           Conj/Ice/Air   5%         6-21      100%        5
 Silence                  Hex/Air        2%         N/A       100%        5
 Blink                    Tloc           Unusable   N/A       N/A         2

Dungeon Overview and Level Annotations

Branches:
Dungeon (7/15)             Bailey (1/1)
 Temple: D:4-7

Altars:
Ashenzari
Elyvilon
Kikubaaqudgha
Ru
Vehumet

Shops:
D:7 *


Innate Abilities, Weirdness & Mutations

You cannot be hasted, slowed, berserked, paralysed or teleported.
You can dig through walls and to a lower floor.
You have a pair of large antennae on your head. (SInv)
Your four strong arms can wield two-handed weapons with a shield.


Message History

Confirm with . or Enter, or press ? or * to list all spells.
Aiming: Stone Arrow (dangerous; 12% risk of failure)
Press: ? - help, Shift-Dir - straight line, f/p - vault guard
Aim: a vault guard, wielding a +0 broad axe and wearing a +0 plate armour (moderately wounded, 78% to hit)
You feel a surge of power!
The stone arrow hits the vault guard!!
The vault guard is heavily wounded.
The vault guard hits you with a +0 broad axe!
Casting: Stone Arrow (dangerous; 12% risk of failure)
Confirm with . or Enter, or press ? or * to list all spells.
Aiming: Stone Arrow (dangerous; 12% risk of failure)
Press: ? - help, Shift-Dir - straight line, f/p - vault guard
Aim: a vault guard, wielding a +0 broad axe and wearing a +0 plate armour (heavily wounded, 78% to hit)
You feel a surge of power!
The stone arrow hits the vault guard!
The vault guard is severely wounded.
The vault guard hits you with a +0 broad axe!!
Casting: Stone Arrow (dangerous; 12% risk of failure)
Confirm with . or Enter, or press ? or * to list all spells.
Aiming: Stone Arrow (dangerous; 12% risk of failure)
Press: ? - help, Shift-Dir - straight line, f/p - vault guard
Aim: a vault guard, wielding a +0 broad axe and wearing a +0 plate armour (severely wounded, 78% to hit)
You feel a surge of power!
The stone arrow hits the vault guard!
The vault guard is severely wounded.
The vault guard hits you with a +0 broad axe!
* * * LOW HITPOINT WARNING * * *
Casting: Stone Arrow (dangerous; 12% risk of failure)
Confirm with . or Enter, or press ? or * to list all spells.
You don't have enough magic to cast this spell.
Unknown command.
Magic courses through your body.
The vault guard hits you with a +0 broad axe!
* * * LOW HITPOINT WARNING * * *
Casting: Stone Arrow (dangerous; 12% risk of failure)
Confirm with . or Enter, or press ? or * to list all spells.
Aiming: Stone Arrow (dangerous; 12% risk of failure)
Press: ? - help, Shift-Dir - straight line, f/p - vault guard
Aim: a vault guard, wielding a +0 broad axe and wearing a +0 plate armour (severely wounded, 78% to hit)
You feel a surge of power!
The stone arrow hits the vault guard!
The vault guard is almost dead.
The vault guard hits you with a +0 broad axe.
You die...

#≈~..≈#### {
##≈~.≈##≈## {
#≈~.~≈≈~≈#
#≈~..~~~≈##
##≈~...~~~≈#
#≈~....~~~≈#
##≈~~...~~~≈#
'###≈~..~..~~~≈#
.≈≈≈~..@...~~~≈#
#....~.~p..~~≈##
#~~~.......~~≈#
##~~~##'##~~≈##
##~# ... #≈## ##
... ## ..∩..
..... #.....#


You could see a vault guard.

Vanquished Creatures
  Prince Ribbit (Bailey)
  Sigmund (D:5)
  4 humans (Bailey)
  A vampire mosquito (D:5)
  2 water moccasins
  A black bear (D:6)
  An ice beast (D:6)
  An ogre (D:5)
  A centaur (D:5)
  A phantom (D:5)
  Blork the orc (D:5)
  7 bullfrogs
  A scorpion (D:5)
  3 hounds
  A gnoll bouda (D:5)
  Crazy Yiuf (D:3)
  4 iguanas
  An orc wizard (D:3)
  5 gnolls
  9 adders
  A shadow imp (D:6)
  3 bombardier beetles
  3 white imps
  2 worms (D:2)
  4 dart slugs
  12 orcs
  3 ball pythons
  5 bats
  8 endoplasms
  7 goblins
  4 hobgoblins
  7 kobolds
  6 quokkas
  4 frilled lizards (D:1)
  5 rats
121 creatures vanquished.

Notes
Turn   | Place    | Note
-------+----------+-------------------------------------------
     0 | D:1      | Bnni the Formicid Earth Elementalist began the quest for
                  | the Orb.
     0 | D:1      | Reached XP level 1. HP: 13/13 MP: 3/3
   233 | D:1      | Reached XP level 2. HP: 20/20 MP: 3/5
   260 | D:1      | Reached skill level 4 in Earth Magic
   542 | D:1      | Reached XP level 3. HP: 25/25 MP: 3/6
   592 | D:1      | Reached skill level 1 in Fighting
   595 | D:1      | Learned a level 2 spell: Passwall
   599 | D:1      | Learned a level 3 spell: Stone Arrow
   987 | D:2      | Reached XP level 4. HP: 25/32 MP: 2/7
  2010 | D:3      | Reached XP level 5. HP: 38/38 MP: 7/9
  2014 | D:3      | Reached skill level 1 in Conjurations
  2014 | D:3      | Reached skill level 5 in Earth Magic
  2763 | D:3      | Found a runed translucent door.
  2764 | D:3      | Noticed Crazy Yiuf
  2770 | D:3      | Killed Crazy Yiuf
  2771 | D:3      | Reached XP level 6. HP: 45/45 MP: 6/10
  3399 | D:5      | Entered Level 5 of the Dungeon
  3404 | D:5      | Noticed a water moccasin
  3408 | D:5      | Killed a water moccasin
  3409 | D:5      | Reached skill level 6 in Earth Magic
  3436 | D:5      | Found a radiant altar of Vehumet.
  3451 | D:5      | Reached XP level 7. HP: 49/52 MP: 7/12
  3563 | D:5      | Noticed a vampire mosquito
  3567 | D:5      | Killed a vampire mosquito
  3617 | D:5      | Noticed Sigmund
  3624 | D:5      | Killed Sigmund
  3625 | D:5      | Reached skill level 7 in Earth Magic
  3625 | D:5      | Reached XP level 8. HP: 54/60 MP: 8/14
  3692 | D:5      | Noticed Blork the orc
  3694 | D:5      | Killed Blork the orc
  3953 | D:5      | Reached skill level 8 in Earth Magic
  4014 | D:5      | Found an ancient bone altar of Kikubaaqudgha.
  4222 | D:6      | Found a broken altar of Ashenzari.
  4252 | D:6      | Reached skill level 5 in Spellcasting
  4357 | D:6      | Reached XP level 9. HP: 62/67 MP: 12/16
  4465 | D:6      | Identified the +1 pair of boots "Qewer" {Dex+3}
  4674 | D:6      | Reached skill level 5 in Fighting
  4674 | D:6      | Reached skill level 9 in Earth Magic
  4702 | D:6      | Found a white marble altar of Elyvilon.
  4841 | D:6      | Found a sacrificial altar of Ru.
  4943 | D:7      | Found Cogeifa's Assorted Antiques.
  4943 | D:7      | Found a flagged portal.
  4951 | D:7      | Bought a scroll labelled URIRI COFO for 32 gold pieces
  4951 | D:7      | Bought a scroll labelled IPHOIXT KUASTANN for 32 gold
                  | pieces
  4951 | D:7      | Bought a scroll labelled HAANER WEZAA for 32 gold pieces
  4964 | Bailey   | Entered a bailey
  4981 | Bailey   | Reached skill level 1 in Armour
  5031 | Bailey   | Reached skill level 10 in Earth Magic
  5228 | Bailey   | Reached skill level 5 in Conjurations
  5255 | Bailey   | Noticed Prince Ribbit
  5255 | Bailey   | Noticed a vault guard
  5259 | Bailey   | Killed Prince Ribbit
  5260 | Bailey   | Reached XP level 10. HP: 77/77 MP: 13/17
  5267 | Bailey   | HP: 3/77 [vault guard/+0 broad axe (10)]
  5268 | Bailey   | Slain by a vault guard

Illustrated notes

Levels and vault maps discovered:
D:1:      dpeg_arrival_concentric_ovals, layout_rooms
D:2:      layout_basic
D:3:      layout_basic, minmay_diced_spiral, uniq_crazy_yiuf_cottage
D:4:      layout_basic
D:5:      layout_basic, nicolae_kikubaaqudgha_miasma_corner,
          kennysheep_little_box, minmay_fractal_squares_diagonal_5,
          uniq_sigmund, uniq_blork_the_orc
D:6:      layout_loops_cross, nicolae_ru_path_of_blood, elyvilon_altar_4,
          mainiacjoe_overflow_small_starburst
D:7:      cheibrodos_fzero, layout_loops_ring, minmay_temple_entry_nine_rooms,
          serial_shops, nicolae_shop_temple_entry_statues_fountains,
          nicolae_shop_stone, shop, enter_bailey_2, uniq_menkaure
Bailey:   bailey_axe_froggy_fort_hellmonk, bailey

Skill      XL: |  1  2  3  4  5  6  7  8  9 |
---------------+----------------------------+-----
Alchemy        | 2 |  2.0
Earth Magic    | 4 5 6 7 8 10 | 10.7
Fighting       | 1 2 3 4 6 |  6.3
Conjurations   | 1 2 3 5 |  5.0
Spellcasting   | 3 4 5 |  5.0
Armour         | 3 |  3.1
Dodging        | |  1.7
Stealth        | |  2.4

Action                     |  1- 3 |  4- 6 |  7- 9 | 10-12 || total
---------------------------+-------+-------+-------+-------++-------
  Melee: Staff             |     1 |     3 |       |       ||     4
   Cast: Sandblast         |    37 |    75 |    89 |     1 ||   202
         Stone Arrow       |       |       |       |     5 ||     5
  Evoke: Wand              |       |       |     1 |     1 ||     2
    Use: Potion            |       |       |       |     1 ||     1
 Armour: Robe              |    12 |    13 |     3 |       ||    28
         Scale mail        |       |       |    20 |       ||    20
         Chain mail        |       |       |    16 |     9 ||    25
  Dodge: Dodged            |     8 |    24 |    20 |     1 ||    53

Table legend: (Time is in decaauts)
 A = Elapsed time spent in this place.
 B = Non-inter-level travel time spent in this place.
 C = Inter-level travel time spent in this place.
 D = Time resting spent in this place.
 E = Time spent auto-exploring this place.
 F = Levels seen in this place.
 G = Mean time per level.
                   A        B        C        D        E       F      G
               +--------+--------+--------+--------+--------+-----+--------+
         Total |   5366 |   5283 |     83 |    281 |   4156 |   8 |  670.8 |
       Dungeon |   5044 |   4961 |     83 |     77 |   4156 |   7 |  720.6 |
        Bailey |    322 |    322 |      0 |    204 |      0 |   1 |  322.0 |
               +--------+--------+--------+--------+--------+-----+--------+

Top non-repeatable levels by time:
     D:2: 1224 daAuts
     D:3: 1058 daAuts
     D:5: 834 daAuts
     D:6: 700 daAuts
     D:1: 657 daAuts
     D:4: 510 daAuts
  Bailey: 322 daAuts
     D:7: 59 daAuts
